Map: Pillars of Gold LE

Players

Bunny

  • Race: Terran Terran
  • Spawn Location: 7:00

Reynor - Winner!

  • Race: Zerg Zerg
  • Spawn Location: 1:00

Event: StayAtHome Story Cup #3

VOD

Have the link to the VOD?

Description

Time

  • Played on: March 11, 2021, 9:35 a.m.
  • Length: 12:28

All games in this series

Show
View Real Time Build Order
Export as new Build Order

Bunny Terran 

Build Orders: Liberator Opening, Reaper Expand 

Get SALT Encoding   

  12  0:00  SCV  
  13  0:12  SCV  
  14  0:18  Supply Depot  
  14  0:25  SCV  
  15  0:39  SCV  
  15  0:40  Barracks  
  16  0:45  Refinery  
  16  0:51  SCV  
  17  1:03  SCV  
  18  1:16  SCV  
  19  1:28  Orbital Command, Reaper  
  20  1:43  Command Center  
  20  1:52  Supply Depot  
  20  1:54  SCV  
  20  2:00  Marine  
  22  2:06  SCV  
  23  2:10  Factory  
  23  2:18  SCV  
  23  2:20  Refinery  
  24  2:23  Barracks Reactor  
  24  2:30  SCV  
  25  2:43  SCV  
  26  2:55  Starport, SCV, Orbital Command  
  27  3:04  Hellion  
  27  3:05  Hellion  
  31  3:07  SCV  
  31  3:11  Marine  
  32  3:19  SCV  
  33  3:22  SCV  
  33  3:26  Hellion x2  
  38  3:30  Supply Depot  
  38  3:31  SCV  
  38  3:34  Liberator  
  39  3:37  Barracks Tech Lab  
  39  3:38  SCV  
  43  3:43  SCV  
  43  3:47  Hellion  
  46  3:52  SCV, Hellion  
  46  3:55  SCV  
  50  3:56  Supply Depot  
  50  3:59  Stimpack  
  50  4:05  SCV  
  50  4:07  SCV  
  53  4:19  Command Center  
  53  4:22  Supply Depot  
  53  4:23  SCV  
  53  4:24  SCV  
  54  4:36  SCV x2  
  54  4:37  Factory Reactor  
  56  4:38  Starport Reactor  
  56  4:39  Barracks  
  56  4:42  Barracks  
  56  4:48  SCV x2  
  56  4:57  Engineering Bay x2  
  54  5:00  Marine  
  54  5:02  SCV x2  
  57  5:09  Refinery x2  
  57  5:14  SCV x2  
  57  5:18  Marine  
  57  5:19  Factory Reactor  
  60  5:22  Supply Depot  
  60  5:24  Supply Depot  
  60  5:25  Terran Infantry Armor Level 1, Terran Infantry Weapons Level 1  
  60  5:26  SCV x2  
  60  5:27  Marine x2  
  64  5:33  Orbital Command  
  64  5:36  Marine  
  64  5:38  SCV, Marine x2  
  64  5:39  SCV  
  64  5:41  Combat Shield  
  69  5:44  Medivac  
  69  5:45  Medivac  
  73  5:51  SCV x2  
  73  5:54  Marine x3  
  73  5:56  Marine x2  
  82  5:57  Widow Mine x2, Orbital Command  
  82  6:04  SCV x2  
  84  6:05  Supply Depot  
  84  6:06  Supply Depot  
  84  6:11  Marine  
  84  6:12  Marine x2  
  84  6:14  Marine x2  
  84  6:16  Medivac  
  84  6:17  Medivac  
  93  6:21  SCV x2  
  93  6:25  Widow Mine x2, SCV  
  100  6:31  Armory  
  100  6:33  SCV x2  
  100  6:37  SCV  
  103  6:43  Barracks x2  
  103  6:45  Marine x5  
  108  6:49  SCV  
  108  6:50  SCV x2  
  108  6:51  Widow Mine  
  108  6:53  Medivac  
  112  7:03  Marine, Medivac  
  112  7:04  SCV x2  
  112  7:05  SCV  
  112  7:08  Refinery  
  114  7:09  Supply Depot x2  
  114  7:13  Marine x4  
  114  7:20  Widow Mine  
  114  7:21  Terran Infantry Armor Level 2, Terran Infantry Weapons Level 2, Concussive Shells  
  116  7:30  SCV x3  
  116  7:31  Widow Mine  
  116  7:32  Factory  
  116  7:35  Barracks Reactor  
  116  7:36  Refinery  
  118  7:47  Marine x5  
  118  7:48  Command Center  
  118  7:49  Barracks Reactor  
  123  7:54  Medivac x2  
  123  7:58  Widow Mine x2  
  125  8:07  Supply Depot x2  
  125  8:08  Marine x5  
  130  8:14  SCV x2  
  130  8:15  SCV  
  130  8:16  Factory Tech Lab  
  133  8:24  Marine x4  
  133  8:26  Marine x2  
  133  8:28  Marine x3  
  133  8:29  Widow Mine x2, Supply Depot  
  133  8:32  Supply Depot  
  140  8:40  Drilling Claws  
  140  8:41  Widow Mine  
  140  8:42  Marine, Medivac x2  
  140  8:45  Marine  
  140  8:46  Marine x3  
  149  8:49  Marine  
  149  8:55  Barracks x2  
  148  8:57  Barracks  
  148  8:58  Widow Mine x2  
  152  9:03  Widow Mine  
  152  9:10  Marauder  
  152  9:16  Marine x7  
  152  9:17  Marine  
  156  9:19  Widow Mine  
  156  9:23  Supply Depot  
  159  9:25  Supply Depot  
  159  9:36  Widow Mine x2  
  159  9:38  Marauder, Marine x6  
  163  9:39  Marine x2  
  163  9:40  Widow Mine, Medivac x2  
  177  9:47  Barracks Tech Lab x2, Planetary Fortress  
  177  9:48  Barracks Tech Lab  
  177  9:56  Marine  
  178  10:02  Siege Tank  
  161  10:07  Marauder x2  
  161  10:08  Marine  
  161  10:09  Marine x6  
  161  10:12  Factory Tech Lab  
  160  10:18  Marauder x2  
  158  10:23  Medivac x2  
  159  10:32  Marauder x2  
  159  10:34  Marine x6  
  158  10:35  Marine  
  158  10:39  Marauder  
  158  10:40  Siege Tank  
  158  10:42  Siege Tank  
  163  10:55  Marauder x3, Marine x3  
  168  10:58  Marine x3  
  168  11:01  Marauder  
  171  11:12  Siege Tank  
  172  11:20  Siege Tank  
  172  11:21  Marauder x2  
  172  11:22  Marauder x2, Marine x8  
  191  11:29  Medivac x2  
  192  11:40  Marine  
  192  11:44  Siege Tank  
  192  11:46  Marauder  
  195  11:53  Sensor Tower, Missile Turret  
  195  11:59  Sensor Tower  
  195  12:01  Marauder  
  195  12:02  Marauder  
Show
View Real Time Build Order
Export as new Build Order

Reynor Zerg - Winner!

Build Orders: Hatch First, Lurkers 

Get SALT Encoding   

  12  0:00  Drone  
  13  0:12  Overlord  
  13  0:17  Drone  
  14  0:30  Drone x2  
  16  0:50  Hatchery  
  16  0:52  Drone  
  16  0:56  Drone  
  17  1:00  Drone  
  18  1:09  Extractor  
  17  1:16  Spawning Pool  
  16  1:19  Drone  
  16  1:22  Drone  
  18  1:29  Drone  
  19  1:39  Drone  
  20  1:49  Overlord  
  20  2:02  Queen  
  20  2:03  Queen, Zergling x4  
  26  2:11  Drone  
  26  2:13  Drone  
  28  2:21  Drone  
  29  2:23  Drone  
  30  2:34  Hatchery  
  30  2:35  Drone  
  30  2:43  Drone x2  
  32  2:44  Metabolic Boost  
  32  2:53  Overlord  
  32  2:54  Drone  
  32  2:57  Drone  
  34  3:02  Queen  
  36  3:13  Drone x5  
  36  3:17  Overlord  
  41  3:20  Drone  
  41  3:25  Queen  
  44  3:35  Drone  
  45  3:41  Overlord  
  45  3:43  Queen  
  45  3:46  Drone, Queen  
  45  3:48  Zergling x4  
  52  3:50  Drone x2  
  52  3:54  Drone  
  55  3:57  Drone x2  
  55  4:01  Queen  
  59  4:03  Overlord  
  59  4:07  Overlord  
  59  4:08  Drone  
  60  4:10  Drone  
  61  4:17  Spore Crawler  
  61  4:21  Spore Crawler  
  61  4:22  Drone, Queen  
  62  4:28  Drone x4  
  62  4:30  Zergling x4  
  68  4:34  Drone  
  68  4:36  Spore Crawler  
  68  4:37  Drone x2  
  70  4:40  Zergling x4  
  70  4:43  Overlord  
  72  4:49  Drone x2  
  72  4:50  Overlord  
  72  4:55  Drone  
  72  4:57  Overlord  
  73  5:01  Evolution Chamber x2  
  73  5:02  Drone x3  
  73  5:05  Drone x3  
  77  5:10  Queen  
  77  5:12  Drone x3  
  82  5:18  Extractor  
  81  5:24  Hatchery  
  80  5:28  Zerg Ground Armor Level 1  
  80  5:29  Zerg Melee Weapons Level 1, Lair  
  80  5:31  Extractor, Drone x2  
  80  5:34  Drone x2  
  83  5:35  Drone x2  
  83  5:37  Drone x2  
  83  5:40  Drone x2  
  89  5:44  Drone  
  89  5:46  Drone x3, Baneling Nest  
  89  5:49  Extractor  
  91  5:50  Extractor  
  91  5:51  Overlord  
  91  5:52  Drone x2  
  92  6:03  Drone x3  
  95  6:05  Drone x2  
  97  6:11  Hatchery, Overlord  
  97  6:13  Drone  
  97  6:15  Zergling x4  
  97  6:16  Queen  
  101  6:20  Drone x2  
  101  6:21  Drone, Zergling x2  
  105  6:27  Overlord  
  105  6:30  Zergling x8  
  109  6:34  Centrifical Hooks  
  109  6:35  Zergling x4  
  109  6:37  Overlord  
  109  6:39  Drone  
  112  6:43  Overlord x3  
  112  6:46  Baneling x2  
  112  6:49  Baneling x2  
  112  6:50  Baneling x3, Overlord  
  112  6:56  Zergling x2  
  112  6:57  Zergling x16  
  112  7:00  Hatchery  
  119  7:02  Drone x2  
  121  7:10  Drone x3  
  121  7:15  Drone x3  
  127  7:16  Drone  
  127  7:17  Drone  
  127  7:18  Extractor  
  127  7:20  Baneling x7  
  127  7:21  Zergling x8  
  132  7:25  Zerg Ground Armor Level 2, Zerg Melee Weapons Level 2  
  132  7:27  Zergling x4  
  134  7:30  Zergling x6  
  134  7:32  Queen  
  134  7:33  Drone x2  
  134  7:35  Extractor x2  
  134  7:36  Drone, Spore Crawler  
  139  7:37  Infestation Pit  
  139  7:39  Zergling x2  
  139  7:43  Zergling x4, Overseer  
  137  7:45  Drone x2  
  137  7:47  Zergling x8, Spore Crawler  
  137  7:49  Overlord  
  142  7:53  Zergling x2  
  142  7:54  Zergling x4  
  142  7:57  Baneling x7  
  142  7:58  Baneling x2  
  143  7:59  Drone x2  
  145  8:10  Drone x7  
  152  8:14  Zergling x2, Hydralisk Den  
  152  8:16  Spore Crawler  
  152  8:17  Overlord  
  151  8:20  Zergling x4  
  151  8:22  Zergling x2  
  151  8:23  Drone  
  151  8:25  Hive  
  145  8:29  Zergling x2  
  145  8:30  Baneling x6  
  145  8:31  Spore Crawler x2  
  145  8:32  Zergling x6  
  145  8:33  Zergling x6  
  149  8:34  Drone x4  
  149  8:36  Zergling x4  
  149  8:37  Zergling x2  
  155  8:42  Zergling x4  
  155  8:45  Drone  
  155  8:47  Drone x3  
  161  8:50  Overlord  
  161  8:51  Drone x2  
  161  8:52  Lurker Den  
  161  8:54  Lurker Den  
  161  8:55  Baneling x7, Zergling x2  
  161  8:56  Zergling x2  
  161  9:02  Zergling x12  
  169  9:07  Zergling x6  
  169  9:08  Pneumatized Carapace, Overlord  
  166  9:10  Drone  
  166  9:11  Drone  
  166  9:13  Spore Crawler x2  
  166  9:15  Zergling x4  
  160  9:20  Zergling x6  
  160  9:22  Hydralisk x5  
  173  9:24  Muscular Augments  
  173  9:28  Drone x5  
  173  9:30  Extractor  
  173  9:31  Extractor, Queen  
  177  9:32  Hydralisk, Overlord  
  177  9:33  Zergling x10  
  177  9:36  Baneling  
  177  9:37  Baneling x7  
  185  9:40  Hydralisk  
  185  9:41  Zergling x4  
  185  9:43  Hatchery, Zerg Missile Weapons Level 1, Zerg Ground Armor Level 3  
  185  9:45  Zergling x4  
  190  9:50  Overlord  
  186  9:58  Baneling x13  
  186  10:02  Lurker x5  
  186  10:04  Hydralisk  
  186  10:05  Zergling x22  
  190  10:11  Hydralisk  
  190  10:12  Zergling x8  
  188  10:16  Zergling x2  
  188  10:17  Zergling x4  
  186  10:22  Zergling x8  
  186  10:23  Hydralisk  
  186  10:24  Zergling x2  
  191  10:29  Hydralisk x2  
  191  10:30  Zergling x8  
  195  10:39  Drone x2  
  195  10:41  Hydralisk  
  195  10:42  Spore Crawler x3  
  197  10:43  Spore Crawler  
  197  10:45  Zergling x8, Spore Crawler x2  
  197  10:47  Seismic Spines, Adaptive Talons  
  197  10:49  Hydralisk  
  199  10:58  Overlord  
  199  11:10  Lurker x4  
  193  11:12  Zergling x12  
  196  11:23  Zergling x18  
  199  11:38  Zergling x18  
  196  11:43  Hydralisk  
  196  11:44  Zergling x8  
  200  11:49  Nydus Network  
  200  11:52  Nydus Network  
  191  12:04  Zergling x32  
  191  12:05  Zergling x2  
  183  12:12  Lurker  
  183  12:13  Lurker x2  
Tags
 
Add a new tag
Caveats
  • Supply blocks, unpowered buildings, or Contaminate may cause inaccurate times.
  • Supply counts are checked every 10 seconds.